 Dungeon Crawl Stone Soup version 0.27-a0-819-g058290f16d (webtiles) character file.

Game seed: 441208955982080848

167 polve the Slasher (level 5, -6/41 HPs)
             Began as a Demonspawn Abyssal Knight on Mar 29, 2021.
             Was a Believer of Lugonu.
             Mangled by an iguana (11 damage)
             ... on level 4 of the Dungeon.
             The game lasted 00:02:24 (4187 turns).

polve the Slasher (Demonspawn Abyssal Knight)       Turns: 4187, Time: 00:02:25

Health: -6/41      AC:  7    Str: 12    XL:     5   Next: 23%
Magic:  6/6        EV: 15    Int: 15    God:    Lugonu [**....]
Gold:   98         SH:  0    Dex: 18    Spells: 4/4 levels left

rFire    . . .     SeeInvis .   a - +1 falchion
rCold    . . .     Faith    .   (no shield)
rNeg     . . .     Spirit   .   k - +0 ring mail
rPois    .         Reflect  .   (no helmet)
rElec    .         Harm     .   (no cloak)
rCorr    .         Rampage  .   l - +0 pair of gloves
Will     .....                  m - +0 pair of boots
Stlth    +.........             (no amulet)
HPRegen  0.13/turn              d - +6 ring of dexterity
MPRegen  0.10/turn              (no ring)

@: agile
A: powered by death 1, powered by pain 1
a: Renounce Religion, Depart the Abyss, Bend Space


You were on level 4 of the Dungeon.
You worshipped Lugonu.
Lugonu was pleased with you.
You visited 1 branch of the dungeon, and saw 4 of its levels.
You visited the Abyss 1 time.

You collected 98 gold pieces.

Inventory:

Hand Weapons
 a - a +1 falchion (weapon)
Armour
 k - a +0 ring mail (worn)
 l - a +0 pair of gloves (worn)
 m - a +0 pair of boots (worn)
Jewellery
 d - a +6 ring of dexterity (left hand)
 r - a ring of ice
Scrolls
 b - a scroll of fog {unknown}
 c - a scroll of amnesia {unknown}
 g - 5 scrolls of identify {unknown}
 h - 2 scrolls of teleportation {unknown}
 i - a scroll of enchant weapon {unknown}
 j - a scroll of enchant armour {unknown}
 n - a scroll of brand weapon {unknown}
 p - a scroll of fear {unknown}
 s - a scroll of acquirement {unknown}
Potions
 e - 2 potions of curing {unknown}
 f - a potion of lignification {unknown}
 o - a potion of heal wounds {unknown}
 q - a potion of ambrosia {unknown}


   Skills:
 - Level 3.0 Fighting
 + Level 5.0 Long Blades
 - Level 1.7 Armour
 - Level 0.8 Dodging
 - Level 2.4 Invocations


You had 4 spell levels left.
You didn't know any spells.
Your spell library contained the following spells:

 Spells                   Type           Power      Damage    Failure   Level
 Confusing Touch          Hex            0%         N/A       87%         3
 Gell's Gravitas          Tloc           0%         N/A       87%         3
 Petrify                  Tmut/Erth      0%         N/A       99%         4
 Metabolic Englaciation   Hex/Ice        0%         N/A       100%        5
 Yara's Violent Unravell  Hex/Tmut       0%         3d3       100%        5


Dungeon Overview and Level Annotations

Branches:
Dungeon (4/15)
 Temple: D:4-7

Altars:
Ashenzari
Cheibriados
Hepliaklqana
Uskayaw


Innate Abilities, Weirdness & Mutations

You regenerate a little health from kills.
You sometimes gain a little power by taking damage.


Message History

You hit the iguana but do no damage.
The iguana is moderately wounded.
The iguana bites you.
You hit the iguana.
The iguana is moderately wounded.
The iguana closely misses you.
You hit the iguana but do no damage.
The iguana is moderately wounded.
The iguana bites you.
You barely miss the iguana.
The iguana is moderately wounded.
The iguana bites you but does no damage.
An iguana is nearby!
You hit the iguana.
The iguana is heavily wounded.
The iguana bites you but does no damage.
You hit the iguana but do no damage.
The iguana is heavily wounded.
The iguana barely misses you.
You barely miss the iguana.
The iguana is heavily wounded.
The iguana bites you!
* * * LOW HITPOINT WARNING * * *
You focus on the pain.
You feel agile all of a sudden.
You barely miss the iguana.
The iguana is heavily wounded.
The iguana barely misses you.
You riposte.
You closely miss the iguana.
The iguana is heavily wounded.
You hit the iguana.
The iguana is almost dead.
The iguana bites you but does no damage.
You barely miss the iguana.
The iguana is almost dead.
The iguana misses you.
An iguana is nearby!
You hit the iguana.
The iguana is almost dead.
The iguana bites you!
You die...

#........ #.# ##........
##.. #....##.## ##...#
##...#...# #.....#
#.......) #......##
##..#....
##......########...##...
#..........#..#<.......#
#.....l@......).รท...##..
#..?.......#...)#...#...
.##..#.....#....##......
.<.......#..........#...
.......###..........##.#
....... ................
>.......................
.......................
................


You could see an iguana.

Vanquished Creatures
  4 gnolls
  4 adders
  A worm (D:2)
  3 orcs
  11 ball pythons
  5 endoplasms
  4 giant cockroaches
  6 goblins
  12 hobgoblins
  6 jackals (D:2)
  2 quokkas
  6 bats
  3 frilled lizards
  8 kobolds
  6 rats
81 creatures vanquished.

Notes
Turn   | Place    | Note
-------+----------+-------------------------------------------
     0 | Abyss:1  | polve the Demonspawn Abyssal Knight began the quest for the
                  | Orb.
     0 | Abyss:1  | Reached XP level 1. HP: 18/18 MP: 2/2
    60 | Abyss:1  | Noticed a large abomination
    61 | Abyss:1  | Noticed an orange demon
    61 | Abyss:1  | Noticed a brown very ugly thing
    64 | D:1      | Escaped the Abyss
    96 | D:1      | Reached skill level 2 in Long Blades
   329 | D:1      | Gained mutation: You regenerate a little health from kills.
                  | [demonic ancestry]
   329 | D:1      | Reached XP level 2. HP: 24/24 MP: 3/3
   333 | D:1      | Reached * piety under Lugonu
   499 | D:1      | Reached skill level 3 in Long Blades
   656 | D:1      | Reached XP level 3. HP: 18/29 MP: 4/4
   876 | D:2      | Found a hazy altar of Hepliaklqana.
   878 | D:2      | Found a faded altar of an unknown god.
  1416 | D:2      | Reached ** piety under Lugonu
  1888 | D:2      | Reached XP level 4. HP: 35/35 MP: 5/5
  1904 | D:2      | Reached skill level 4 in Long Blades
  2303 | D:2      | Found a hide-covered altar of Uskayaw.
  2659 | D:3      | Found a broken altar of Ashenzari.
  3245 | D:3      | Found a snail-covered altar of Cheibriados.
  3753 | D:3      | Gained mutation: You sometimes gain a little power by
                  | taking damage. [demonic ancestry]
  3753 | D:3      | Reached XP level 5. HP: 18/41 MP: 6/6
  3938 | D:4      | Reached skill level 5 in Long Blades
  4187 | D:4      | Mangled by an iguana

Illustrated notes

Levels and vault maps discovered:
D:1:      minmay_arrival_up_and_down, layout_rooms, minmay_strange_pillars,
          minmay_misc_feat_tiny, minmay_pentomino_u4
D:2:      layout_loops_corners, nicolae_uskayaw_suspiria,
          beargit_hepliaklqana_dungeon_heroes
D:3:      layout_loops_corners, cheibrodos_ashenzari_chains, marbit_many_paths
D:4:      layout_cave_pools, minitemple, minmay_temple_entry_stoned_glass,
          hangedman_decor_clover_reticule

Skill      XL: |  1  2  3  4  5 |
---------------+----------------+-----
Long Blades    | 2 3 4 5 |  5.0
Fighting       | |  3.0
Armour         | |  1.7
Dodging        | |  0.8
Invocations    | |  2.4

Action                   |  1- 3 |  4- 6 || total
-------------------------+-------+-------++-------
Melee: Falchion          |   128 |   123 ||   251
Invok: Depart the Abyss  |     1 |       ||     1
Armor: Leather armour    |    23 |       ||    23
       Ring mail         |    29 |    38 ||    67
Dodge: Dodged            |   110 |    71 ||   181
       Rpst.: Falchion   |    31 |    16 ||    47

Table legend: (Time is in decaauts)
 A = Elapsed time spent in this place.
 B = Non-inter-level travel time spent in this place.
 C = Inter-level travel time spent in this place.
 D = Time resting spent in this place.
 E = Time spent auto-exploring this place.
 F = Levels seen in this place.
 G = Mean time per level.
                   A        B        C        D        E       F      G
               +--------+--------+--------+--------+--------+-----+--------+
         Total |   4214 |   4063 |    151 |      0 |   3492 |   5 |  842.8 |
       Dungeon |   4150 |   3999 |    151 |      0 |   3432 |   4 | 1037.5 |
         Abyss |     64 |     64 |      0 |      0 |     60 |   1 |   64.0 |
               +--------+--------+--------+--------+--------+-----+--------+

Top non-repeatable levels by time:
     D:2: 1705 daAuts
     D:3: 1307 daAuts
     D:1: 807 daAuts
     D:4: 330 daAuts
 Abyss:1: 64 daAuts
